 Dungeon Crawl Stone Soup version 0.27.1-33-g824d729ab1 (webtiles) character file.

Game seed: 14870029996786842936

9 SensoryNuts the Twirler (level 2, 0/22 HPs)
             Began as a Demonspawn Gladiator on Dec 6, 2021.
             Slain by a jelly (1 damage)
             ... on level 1 of the Dungeon.
             The game lasted 00:00:09 (34 turns).

SensoryNuts the Twirler (Demonspawn Gladiator)        Turns: 34, Time: 00:00:10

Health: 0/22       AC:  4    Str: 14    XL:     2   Next: 6%
Magic:  2/2        EV: 12    Int:  9    God:
Gold:   0          SH:  0    Dex: 14    Spells: 1/1 levels left

rFire    . . .     SeeInvis .   a - +0 quarterstaff
rCold    . . .     Faith    .   (shield currently unavailable)
rNeg     . . .     Spirit   .   b - +0 leather armour
rPois    .         Reflect  .   c - +0 helmet
rElec    .         Harm     .   (no cloak)
rCorr    .         Rampage  .   (no gloves)
Will     .....                  (no boots)
Stlth    +.........             (no amulet)
HPRegen  0.07/turn              (no ring)
MPRegen  0.08/turn              (no ring)

@: mighty
A: powered by pain 1
a: no special abilities


You were on level 1 of the Dungeon.
You visited 1 branch of the dungeon, and saw 1 of its levels.

Inventory:

Hand Weapons
 a - a +0 quarterstaff (weapon)
Missiles
 d - 3 throwing nets (quivered)
Armour
 b - a +0 leather armour (worn)
 c - a +0 helmet (worn)


   Skills:
 + Level 2.0 Fighting
 + Level 3.0 Staves
 + Level 1.8 Throwing
 + Level 2.9 Dodging


You had one spell level left.
You didn't know any spells.
Your spell library was empty.

Dungeon Overview and Level Annotations

Branches:
Dungeon (1/15)

Altars:


Innate Abilities, Weirdness & Mutations

You sometimes gain a little power by taking damage.


Message History

The jackal barely misses you. x2
The giant cockroach waves its antennae.
You closely miss the jackal.
The jackal is almost dead.
The jackal bites you but does no damage.
You hit the jackal.
You kill the jackal!
Your Staves skill increases to level 3!
You have reached level 2!
Your demonic ancestry asserts itself...
You feel energised by your suffering.
You hit the giant cockroach but do no damage.
The giant cockroach closely misses you. The giant cockroach barely misses you.
You closely miss the giant cockroach. The giant cockroach barely misses you.
You closely miss the giant cockroach. The giant cockroach closely misses you.
You completely miss the giant cockroach.
The giant cockroach closely misses you.
The rat twitches its whiskers.
The giant cockroach closely misses you.
You barely miss the giant cockroach. The giant cockroach closely misses you.
You barely miss the giant cockroach. The giant cockroach closely misses you.
The giant cockroach barely misses you.
You completely miss the giant cockroach.
The giant cockroach bites you.
You hit the giant cockroach.
The giant cockroach is severely wounded.
The giant cockroach waves its antennae.
The giant cockroach bites you but does no damage.
You hit the giant cockroach.
You kill the giant cockroach!
You barely miss the jelly. The jelly hits you but does no damage.
You hit the jelly.
Your hands burn!
The jelly is lightly wounded.
The jelly hits you.
You are splashed with acid!
* * * LOW HITPOINT WARNING * * *
You focus on the pain.
You feel very mighty all of a sudden.
The giant cockroach waves its antennae.
The jelly hits you.
You die...

###############
#......B......#
#....Jrww.....#
#...wrrrBw....#
#######J#######
#......@......#
+⌠....###....⌠+
#......<......#
#..⌠...>...⌠..#
###+#######+###


You could see 4 worms, a jelly, an endoplasm, 2 giant cockroaches and 4 rats.

Vanquished Creatures
  3 endoplasms (D:1)
  2 giant cockroaches (D:1)
  2 jackals (D:1)
7 creatures vanquished.

Notes
Turn   | Place    | Note
-------+----------+-------------------------------------------
     0 | D:1      | SensoryNuts the Demonspawn Gladiator began the quest for
                  | the Orb.
     0 | D:1      | Reached XP level 1. HP: 16/16 MP: 1/1
     0 | D:1      | Noticed a jelly
     1 | D:1      | Found a runed translucent door.
    24 | D:1      | Reached skill level 3 in Staves
    24 | D:1      | Gained mutation: You sometimes gain a little power by
                  | taking damage. [demonic ancestry]
    24 | D:1      | Reached XP level 2. HP: 14/22 MP: 2/2
    34 | D:1      | HP: 1/22 [acid (10)]
    34 | D:1      | Slain by a jelly

Illustrated notes

Levels and vault maps discovered:
D:1:      dpeg_arrival_caged_fury, layout_basic, minmay_close_crescents

Skill      XL: |  1 |
---------------+----+-----
Staves         | 3 |  3.0
Fighting       | |  2.0
Throwing       | |  1.8
Dodging        | |  2.9

Action                   || total
-------------------------++-------
Melee: Quarterstaff      ||    26
Armor: Leather armour    ||     7
Dodge: Dodged            ||    18
